← All builds
Suicide front / Cortex / Economy first / OBSERVED BUILD

Standard suicide front

Cortex Suicide front build order · Supreme Isthmus

The role's baseline economy-first play: fast Bot Lab, early Advanced Metal Extractor, and a Thug/Grunt/Aggravator mix pushed to hold the middle while teching up.

#raid #push · 1059 distinct matches · 187 players · 73% of Cortex Suicide front games · team won 57% of 1129 · Recently observed

HOW TO PLAY IT

Key timing: Bot Lab by 0:39

  1. Open 3 mex, then rush Bot Lab almost immediately.
  2. Finish Bot Lab and start pushing Thug, Grunt, Aggravator.
  3. Send units straight to middle to contest and stop leaks.
  4. Eat the Bot Lab for metal if 32% of games reach that point.
  5. Transition into Advanced Metal Extractor once middle is stable.

Phase by phase

TYPICAL OF ITS 1059 GAMES
  1. 1
  2. 2
  3. 3
PLAY THE OPENING

Follow the example game's first 6:00 step by step: what to build now, what comes next, and where it goes. At 1× it keeps pace with your own game.

  1. 1

    Up to the Bot Lab

    Economy
    • Metal Extractor2Mex
    Order
    1. Bot LabBot Lab after 2 mexdone ~0:36, middle half 0:27–0:45

    By 0:21 in all: 2 mex

    The example game in this phase · 12 steps
    1. Tidal ×4for Suicide front
    2. Tidal
    3. Tidal ×4for Front
    4. Tidal
    5. Mex ×3
    6. Wind ×2
    7. Mex
    8. Wind ×2
    9. Energy storage
    10. Wind
    11. Wind ×2
    12. Bot LabBot Labnot finished by 15:00 · typical 0:36
  2. 2

    Bot Lab to 5:00

    Economy
    • Metal Extractor3Mex
    • Wind Turbine2Wind
    Builders
    • Graverobber4 Graverobber
    • Construction Bot3 Con bot
    Army
    • Guard3 Guard
    • Thug16 Thug
    • Grunt3 Grunt
    Other
    • Radar Tower1 Radar Tower

    Some games also: aggravator (38%) · con turret (31%)

    By 5:00 in all: 5 mex · 3 wind

    The example game in this phase · 12 steps
    1. Wind ×2
    2. Bot LabBot Labdone 3:53
    3. Construction BotCon bot
    4. Construction BotCon botfor Geo
    5. LazarusLazarus ×2
    6. Con turret
    7. LazarusLazarus
    8. Wind
    9. Construction BotCon bot
    10. Wind
    11. Construction BotCon bot
    12. Bot LabEat Bot Labreclaimed for its metal
  3. 3

    5:00 to 10:00

    Economy
    • Metal Extractor1Mex
    • Wind Turbine12Wind
    Builders
    • Construction Turret1 Con turret
    • Graverobber3 Graverobber
    • Construction Bot1 Con bot
    Army
    • Guard1 Guard
    • Thug11 Thug
    • Grunt1 Grunt

    Some games also: aggravator (42%) · Radar Tower (39%) · energy storage (37%) · Twin Guard (31%)

    By 10:00 in all: 6 mex · 16 wind · 2 con turret

    The example game in this phase · 390 steps
    1. Wind ×2
    2. Con turret
    3. Converter
    4. Bot LabBot Labdone 5:32
    5. Converter
    6. Wind
    7. Converter
    8. Con turret
    9. Construction BotCon botfor Geo
    10. Wind
    11. Construction BotCon bot
    12. Wind
    13. Construction BotCon bot
    14. Wind
    15. GruntGrunt
    16. Converter
    17. GruntGrunt
    18. Wind
    19. GruntGrunt
    20. Converter
    21. GruntGrunt ×2
    22. Converter
    23. GruntGrunt
    24. Wind
    25. Windfor Geo
    26. GruntGrunt
    27. Converter
    28. GruntGrunt
    29. Windfor Geo
    30. GruntGrunt
    31. Wind
    32. GruntGrunt
    33. Converter
    34. GruntGrunt
    35. Windfor Geo
    36. GruntGrunt
    37. Wind
    38. GruntGrunt
    39. Windfor Geo
    40. GruntGrunt
    41. Windfor Geo
    42. GruntGrunt
    43. Wind
    44. GruntGrunt ×2
    45. Windfor Geo
    46. GruntGrunt
    47. Converter
    48. Wind
    49. GruntGrunt ×2
    50. Windfor Geo
    51. Wind
    52. GruntGrunt
    53. Converter
    54. Windfor Geo
    55. GruntGrunt
    56. Wind
    57. Con turret
    58. GruntGrunt
    59. Windfor Geo
    60. Wind
    61. Advanced Metal ExtractorT2 mexdone 8:44 · typical 10:00
    62. Converter
    63. Wind
    64. Bot LabEat Bot Labreclaimed for its metal
    65. Windfor Geo
    66. Converter
    67. Wind ×2
    68. Con turret
    69. Wind
    70. AgitatorAgitatordone 9:07
    71. Wind ×3
    72. Advanced Metal ExtractorT2 mex
    73. Wind
    74. GuardGuard
    75. Wind
    76. Twin GuardTwin Guard
    77. Radar TowerRadar Tower
    78. Wind
    79. Dragon's TeethDragon's Teeth ×4
    80. Advanced Metal ExtractorT2 mex
    81. Dragon's TeethDragon's Teeth ×3
    82. Wind
    83. Dragon's TeethDragon's Teeth ×2
    84. Windfor Geo
    85. Dragon's TeethDragon's Teeth ×3
    86. Wind
    87. Dragon's TeethDragon's Teeth
    88. Twin GuardTwin Guard
    89. Dragon's TeethDragon's Teeth
    90. Con turretfor Geo
    91. Dragon's TeethDragon's Teeth ×2
    92. Wind
    93. Bot LabBot Labdone 10:05
    94. Dragon's TeethDragon's Teeth ×5
    95. Wind
    96. Dragon's TeethDragon's Teeth
    97. Advanced Metal ExtractorT2 mex
    98. Con turret
    99. TickTick
    100. Dragon's TeethDragon's Teeth
    101. CastroCastro
    102. Wind
    103. Construction BotCon bot
    104. Con turret
    105. Windfor Geo
    106. Wind
    107. Wind ×2for Geo
    108. Wind
    109. Windfor Geo
    110. Construction BotCon bot
    111. Windfor Geo
    112. Construction BotCon bot
    113. Wind
    114. Construction BotCon bot
    115. Wind ×2for Geo
    116. TickTick ×3
    117. Windfor Geo
    118. TickTick
    119. Wind
    120. TickTick
    121. Windfor Geo
    122. TickTick ×3
    123. Windfor Geo
    124. TickTick
    125. Dragon's TeethDragon's Teeth
    126. TickTick ×2
    127. Dragon's TeethDragon's Teeth
    128. Windfor Geo
    129. Wind
    130. TickTick
    131. Dragon's TeethDragon's Teeth
    132. TickTick
    133. Windfor Geo
    134. Dragon's TeethDragon's Teeth
    135. TickTick ×2
    136. Dragon's TeethDragon's Teeth
    137. TickTick
    138. Dragon's TeethDragon's Teeth
    139. Windfor Geo
    140. TickTick ×2
    141. Wind
    142. Dragon's TeethDragon's Teeth
    143. TickTick ×2
    144. Windfor Geo
    145. TickTick
    146. Dragon's TeethDragon's Teeth
    147. TickTick ×2
    148. Dragon's TeethDragon's Teeth
    149. TickTick
    150. Windfor Geo
    151. TickTick
    152. Wind
    153. TickTick
    154. Dragon's TeethDragon's Teeth
    155. TickTick ×2
    156. Converter
    157. Windfor Geo
    158. Con turret
    159. Dragon's TeethDragon's Teeth
    160. ValiantValiant
    161. Wind
    162. TickTick
    163. Wind
    164. TickTick
    165. Wind
    166. Windfor Geo
    167. TickTick
    168. Dragon's TeethDragon's Teeth
    169. Wind
    170. TickTick
    171. Wind
    172. Con turret
    173. TickTick
    174. Dragon's TeethDragon's Teeth
    175. HerculesLight transport
    176. Windfor Geo
    177. TickTick
    178. Wind
    179. TickTick
    180. Dragon's TeethDragon's Teeth
    181. HerculesLight transport
    182. TickTick
    183. Wind ×2
    184. TickTick
    185. Windfor Geo
    186. ValiantValiant
    187. TickTick
    188. Wind
    189. TickTick
    190. Wind ×2
    191. ValiantValiant
    192. TickTick
    193. ValiantValiant
    194. TickTick
    195. Windfor Geo
    196. TickTick
    197. ValiantValiant
    198. Advanced Metal ExtractorT2 mex
    199. Dragon's TeethDragon's Teeth
    200. Wind
    201. TickTick
    202. ValiantValiant
    203. Wind ×2
    204. TickTick
    205. Dragon's TeethDragon's Teeth
    206. ValiantValiant
    207. TickTick
    208. Wind
    209. TickTick
    210. Windfor Geo
    211. ValiantValiant
    212. Wind
    213. Dragon's TeethDragon's Teeth
    214. TickTick
    215. ValiantValiant
    216. Wind
    217. TickTick
    218. Wind
    219. ValiantValiant
    220. TickTick
    221. Dragon's TeethDragon's Teeth
    222. Wind
    223. TickTick
    224. ValiantValiant
    225. Wind
    226. TickTick
    227. Windfor Geo
    228. Dragon's TeethDragon's Teeth
    229. ValiantValiant
    230. TickTick
    231. ValiantValiant
    232. TickTick
    233. Wind
    234. Dragon's TeethDragon's Teeth
    235. TickTick
    236. Wind ×3
    237. TickTick
    238. Dragon's TeethDragon's Teeth
    239. ValiantValiant
    240. TickTick
    241. Dragon's TeethDragon's Teeth
    242. TickTick
    243. Wind
    244. Windfor Geo
    245. Wind
    246. ValiantValiant
    247. TickTick
    248. Dragon's TeethDragon's Teeth
    249. Wind ×2
    250. TickTick
    251. ValiantValiant
    252. Wind ×2
    253. TickTick
    254. ValiantValiant
    255. TickTick
    256. Dragon's TeethDragon's Teeth
    257. Wind
    258. ValiantValiant
    259. Advanced Metal ExtractorT2 mex
    260. TickTick
    261. Wind ×2
    262. Dragon's TeethDragon's Teeth
    263. ValiantValiant
    264. TickTick ×2
    265. Wind
    266. Dragon's TeethDragon's Teeth
    267. TickTick
    268. Wind
    269. Dragon's TeethDragon's Teeth
    270. Wind
    271. TickTick
    272. Wind
    273. ValiantValiant
    274. Windfor Geo
    275. TickTick
    276. Dragon's TeethDragon's Teeth
    277. Wind
    278. TickTick
    279. ValiantValiant
    280. Wind
    281. Dragon's TeethDragon's Teeth
    282. Wind ×2
    283. TickTick
    284. ValiantValiant
    285. Advanced Metal ExtractorT2 mex
    286. TickTick
    287. ValiantValiant
    288. Wind
    289. TickTick
    290. Wind
    291. TickTick
    292. ValiantValiant
    293. TickTick
    294. Wind ×2
    295. TickTick
    296. Wind
    297. TickTick
    298. ValiantValiant
    299. Wind
    300. TickTick ×2
    301. Wind
    302. ValiantValiant
    303. TickTick
    304. Wind
    305. ValiantValiant
    306. TickTick
    307. Wind
    308. TickTick
    309. Wind
    310. ValiantValiant
    311. TickTick
    312. ValiantValiant
    313. TickTick
    314. Wind ×3
    315. ValiantValiant
    316. TickTick ×2
    317. ValiantValiant
    318. TickTick
    319. ValiantValiant
    320. TickTick
    321. Wind ×2
    322. ValiantValiant
    323. TickTick
    324. Wind ×2
    325. TickTick
    326. ValiantValiant
    327. TickTick
    328. ValiantValiant
    329. Wind
    330. TickTick
    331. ValiantValiant
    332. TickTick
    333. Wind
    334. ValiantValiant
    335. TickTick
    336. Wind ×2
    337. Advanced Metal ExtractorT2 mex
    338. TickTick
    339. ValiantValiant
    340. TickTick
    341. ValiantValiant
    342. Wind
    343. TickTick
    344. ValiantValiant
    345. Wind
    346. TickTick
    347. Wind ×2
    348. ValiantValiant
    349. TickTick
    350. ValiantValiant
    351. TickTick
    352. ValiantValiant
    353. TickTick
    354. Wind
    355. ValiantValiant
    356. Wind
    357. TickTick
    358. Con turret
    359. ValiantValiant
    360. Wind ×2
    361. ValiantValiant
    362. TickTick
    363. Wind ×5
    364. ValiantValiant
    365. Wind
    366. Fusion ReactorFusionnot finished by 15:00
    367. Con turret
    368. ValiantValiant
    369. Wind
    370. TickTick
    371. Wind ×5
    372. Vehicle PlantVehicle Plantdone 14:40
    373. Wind
    374. ValiantValiant
    375. TickTick
    376. Wind ×2
    377. TickTick
    378. Wind ×2
    379. TickTick
    380. Wind
    381. TickTick
    382. Wind ×2
    383. TickTick ×2
    384. Wind
    385. TickTick ×2
    386. Wind ×3
    387. TickTick
    388. Mex
    389. Wind ×2
    390. TickTick ×2

Counts are medians over the build's games: half of them build more, half fewer. The example game is Thors_Hammer's (31 OS, 13/10/2026); pick another.

Team trades

IN AT LEAST 30% OF ITS GAMES

You hand over

Nothing regular.

You get

  • Tidal Generator4 Tidal from Pondfirst at 0:11 · in 69% of games
  • Advanced Construction Bot1 T2 con bot from Geo or Techfirst at 7:46 · in 55% of games

How it plays out

Typical game of this build, running totals by minute

Metal produced

010k20k
0:005:0010:0015:00

metal

Enemy metal destroyed

05k10k
0:005:0010:0015:00

metal

Own metal lost

05k10k
0:005:0010:0015:00

metal

1129 games.

Show as table
ByMetal produced: This buildEnemy metal destroyed: This buildOwn metal lost: This build
1:0033000
2:0094400
3:002036216173
4:003125733632
5:00428115421394
6:00547425052331
7:00664936373310
8:00782945654355
9:00894453015270
10:001021360176154
11:001158865676915
12:001316370367714
13:001475877548382
14:001637283518916
15:001774489709568
WHAT THE NUMBERS SAY

This baseline wins more often than most other roles' standard builds, with early aggression showing in high kills and losses alike.

  • + Team wins 54% of games, best winrate among the roles shown.
  • + First kill lands very early at 2:07 in all games.
  • − Own metal lost is heavy early, 1439 by 5:00.
  • − Enemy destroyed stays close to own losses through 15:00, a costly front.
THE EXAMPLE YOU ARE READING

Thors_Hammer

31.1 OS · 13/10/2026

Open source match ↗

211 received units · includes a constructor
1384 metal received · 50818 energy received

Allied construction assistance is unknown. Timings are observations, not a promise of solo reproducibility.

Typical milestones

Bot Lab0:36Middle 50%: 0:27–0:45 · n=1123
Advanced Metal Extractor10:00Middle 50%: 9:00–11:14 · n=703

Played most by

XXMACGAMERXX134games of this build_Hawkey_70games of this build_X_61games of this buildrealisticjo53games of this buildAbyssFalcon48games of this build
Standard suicide front · Cortex Suicide front build order · BAR Build Atlas